 Dungeon Crawl Stone Soup version 0.27.0-1-g7a089689b8 (webtiles) character file.

Game seed: 12973859103590651835

1591 SunEater the Cleaver (level 8, -13/71 HPs)
             Began as a Minotaur Fighter on Aug 11, 2021.
             Mangled by Grum (14 damage)
             ... on level 5 of the Dungeon.
             The game lasted 00:11:53 (4811 turns).

SunEater the Cleaver (Minotaur Fighter)             Turns: 4811, Time: 00:11:54

Health: -13/71     AC: 12    Str: 22    XL:     8   Next: 61%
Magic:  7/7        EV:  8    Int:  5    God:
Gold:   249        SH:  5    Dex: 11    Spells: 7/7 levels left

rFire    . . .     SeeInvis .   B - +1 battleaxe (drain)
rCold    . . .     Faith    .   (shield currently unavailable)
rNeg     . . .     Spirit   .   x - +0 chain mail
rPois    .         Reflect  +   (helmet restricted)
rElec    .         Harm     .   (no cloak)
rCorr    .         Rampage  .   b - +0 pair of gloves
Will     .....                  (no boots)
Stlth    ..........             A - amulet of reflection
HPRegen  0.21/turn              (no ring)
MPRegen  0.10/turn              (no ring)

@: no status effects
A: horns 2, retaliatory headbutt
a: no special abilities


You were on level 5 of the Dungeon.
You visited 1 branch of the dungeon, and saw 5 of its levels.

You collected 249 gold pieces.

Inventory:

Hand Weapons
 a - a +0 war axe
 B - a +1 battleaxe of draining (weapon)
Missiles
 r - 6 throwing nets (quivered)
Armour
 b - a +0 pair of gloves (worn)
 c - a +0 kite shield
 x - a +0 chain mail (worn)
 C - a +1 ring mail of cold resistance
Jewellery
 d - a ring of flight
 A - an amulet of reflection (around neck)
Wands
 s - a wand of acid (4)
 z - a wand of mindburst (13)
Scrolls
 e - a scroll of silence {unknown}
 f - 6 scrolls of identify {unknown}
 g - a scroll of fear {unknown}
 j - a scroll of enchant weapon {unknown}
 m - 3 scrolls of noise {unknown}
 q - a scroll of blinking {unknown}
 v - a scroll of teleportation {unknown}
 w - 3 scrolls of magic mapping {unknown}
 y - 4 scrolls of immolation
Potions
 h - 5 potions of curing {unknown}
 i - 2 potions of cancellation {unknown}
 k - a potion of invisibility {unknown}
 l - a potion of magic {unknown}
 n - 2 potions of haste
 o - a potion of mutation {unknown}
 p - a potion of flight {unknown}
 t - a potion of degeneration {unknown}
 u - a potion of heal wounds {unknown}


   Skills:
 + Level 6.4 Fighting
 - Level 8.0 Axes
 + Level 7.4 Armour
 - Level 0.8 Dodging
 - Level 0.2 Stealth
 + Level 7.2 Shields


You had 7 spell levels left.
You didn't know any spells.
Your spell library was empty.

Dungeon Overview and Level Annotations

Branches:
Dungeon (5/15)
 Temple: D:4-7

Altars:

Annotations:
D:5 Grum


Innate Abilities, Weirdness & Mutations

You have a pair of horns on your head.
You reflexively headbutt those who attack you in melee.


Message History

You kill the jackal!
The jackal bites you but does no damage.
The jackal completely misses you. You furiously retaliate!
You headbutt the jackal!
You kill the jackal!
The jackal bites you.
Grum hits you from afar with a +1 spear!
You barely miss the jackal. You headbutt the jackal.
You kill the jackal!
Grum barely misses you. Grum hits you but does no damage.
There is a large open door here.
You see here a jackal corpse.
You barely miss Grum. Grum hits you with a +1 spear!
Your chain mail prevents you from hitting Grum.
Grum hits you with a +1 spear! Grum barely misses you. You furiously retaliate!
You headbutt Grum. You closely miss Grum. Your headbutt misses Grum.
Grum is lightly wounded.
Grum hits you with a +1 spear.
You completely miss Grum. You headbutt Grum.
Grum is lightly wounded.
Grum hits you with a +1 spear.
You slash Grum!
Grum is heavily wounded.
Grum hits you with a +1 spear!
* * * LOW HITPOINT WARNING * * *
Grum barely misses you. You furiously retaliate!
You headbutt Grum! You closely miss Grum. You headbutt Grum.
Grum is almost dead.
Grum hits you with a +1 spear!
* * * LOW HITPOINT WARNING * * *
You completely miss Grum.
Grum is almost dead.
Grum hits you with a +1 spear!
* * * LOW HITPOINT WARNING * * *
You hit Grum.
Grum is almost dead.
Grum hits you with a +1 spear!
You die...

.............).....#.....
#.###........÷..........#
##
#......###÷........#.## #
#......## ##........#..#
........## ##.÷(.......#
........# #..........#
........ ##..##......# #
.......#+++#.÷####.....#
# ........†@g.##...##...
# ........('..##........
.. .......)÷####..#......
.# ........))##....#.....
[# .....................#
.# ................#...##
.# .........#......#...#
. .........#.#........#
.........#..........#


You could see Grum.

Vanquished Creatures
  The ghost of hasubaka the Chopper, an amateur MiBe of Trog (D:5)
  Sigmund (D:3)
  3 wolves (D:5)
  2 necrophages (D:4)
  2 centaurs (D:5)
  A wyvern zombie (D:5)
  A scorpion (D:4)
  5 hounds
  A bullfrog skeleton (D:5)
  2 iguanas
  11 gnolls
  3 adders
  An ufetubus (D:5)
  5 worms
  3 dart slugs
  7 orcs
  8 ball pythons
  6 endoplasms
  7 giant cockroaches
  7 goblins
  7 hobgoblins
  21 jackals
  4 quokkas
  8 bats
  3 frilled lizards (D:2)
  7 kobolds
  5 rats
132 creatures vanquished.

Notes
Turn   | Place    | Note
-------+----------+-------------------------------------------
     0 | D:1      | SunEater the Minotaur Fighter began the quest for the Orb.
     0 | D:1      | Reached XP level 1. HP: 19/19 MP: 0/0
   115 | D:1      | Reached XP level 2. HP: 27/27 MP: 1/1
   302 | D:1      | Reached XP level 3. HP: 27/33 MP: 2/2
   388 | D:1      | Reached skill level 3 in Axes
  1420 | D:2      | Reached XP level 4. HP: 40/40 MP: 3/3
  2041 | D:3      | Found a faded altar of an unknown god.
  2108 | D:3      | Noticed Sigmund
  2124 | D:3      | Killed Sigmund
  2125 | D:3      | Reached skill level 4 in Axes
  2125 | D:3      | Reached skill level 5 in Shields
  2125 | D:3      | Reached XP level 5. HP: 23/47 MP: 4/4
  2837 | D:4      | Reached skill level 5 in Armour
  2837 | D:4      | Reached XP level 6. HP: 46/53 MP: 5/5
  2838 | D:4      | Reached skill level 5 in Axes
  3296 | D:4      | Reached XP level 7. HP: 60/60 MP: 6/6
  3592 | D:5      | Entered Level 5 of the Dungeon
  3607 | D:5      | Reached skill level 6 in Axes
  3690 | D:5      | Found a runed translucent door.
  3691 | D:5      | Noticed hasubaka's ghost (amateur MiBe)
  3715 | D:5      | Reached skill level 5 in Fighting
  3945 | D:5      | Killed hasubaka's ghost
  3946 | D:5      | Reached skill level 7 in Axes
  3946 | D:5      | Reached XP level 8. HP: 17/69 MP: 7/7
  4545 | D:5      | Reached skill level 8 in Axes
  4798 | D:5      | Noticed Grum
  4810 | D:5      | HP: 1/71 [Grum (10)]
  4811 | D:5      | Mangled by Grum

Illustrated notes

Levels and vault maps discovered:
D:1:      lemuel_arrival_rhombus, layout_basic, minivault_4, minmay_hexomino_c4
D:2:      layout_loops_corners, hangedman_feature_mirror, minmay_tiny_reverse_x
D:3:      layout_basic, ebering_ecumenical_altar_abandoned,
          minmay_misc_feat_four_crosses, serial_bayou_crossing, uniq_sigmund
D:4:      layout_loops_ring
D:5:      layout_cave_pools, mainiacjoe_overflow_large_starburst,
          ebering_ghost_inner_flame, serial_gnoll_camp, grums_kennel,
          gnoll_camp_huts_moat, gnoll_camp_mini_hut, gnoll_camp_mini_loothouse,
          gnoll_camp_mini_hut, nicolae_shop_overcharged_wands, uniq_duvessa

Skill      XL: |  1  2  3  4  5  6  7  8 |
---------------+-------------------------+-----
Fighting       | 4 5 6 |  6.4
Shields        | 4 5 6 7 |  7.2
Armour         | 4 5 6 7 |  7.4
Axes           | 3 4 5 7 8 |  8.0
Dodging        | |  0.8
Stealth        | |  0.2

Action                   |  1- 3 |  4- 6 |  7- 9 || total
-------------------------+-------+-------+-------++-------
Melee: War axe           |    82 |    76 |    75 ||   233
       Headbutt          |    14 |    17 |    27 ||    58
       Battleaxe         |       |       |    62 ||    62
  Use: Potion            |       |     1 |       ||     1
Armor: Scale mail        |    39 |    20 |       ||    59
       Chain mail        |       |     3 |    75 ||    78
Dodge: Dodged            |    32 |    31 |    57 ||   120
Block: Kite shield       |    41 |    45 |    52 ||   138
       Other             |       |       |    18 ||    18
